 Dungeon Crawl Stone Soup version 0.23.1 (webtiles) character file.

Game seed: 3898697592392273216

6585 doot the Thaumaturge (level 10, -3/53 HPs)
             Began as a Deep Elf Earth Elementalist on Mar 3, 2019.
             Was a Priest of Vehumet.
             Slain by a spectral orc warrior
             ... wielding a +0 halberd
             ... summoned by Nergalle
              (6 damage)
             ... on level 1 of the Lair of Beasts.
             The game lasted 00:46:25 (14741 turns).

doot the Thaumaturge (Deep Elf Earth Elementalist) Turns: 14741, Time: 00:46:26

Health: -3/53      AC:  3    Str:  5    XL:     10   Next: 71%
Magic:  4/28       EV: 16    Int: 24    God:    Vehumet [***...]
Gold:   167        SH:  0    Dex: 15    Spells: 14/33 levels left

rFire    + . .     SeeInvis .   L - +2 triple sword (holy)
rCold    + . .     Gourm    .   (shield currently unavailable)
rNeg     . . .     Faith    .   i - +0 leather armour {rPois}
rPois    +         Spirit   .   (no helmet)
rElec    +         Reflect  .   F - scarf {repulsion}
rCorr    +         Harm     .   (no gloves)
MR       +....                  (no boots)
Stlth    +++.......             J - amulet of rage
HPRegen  0.17/turn              m - +3 ring of evasion
MPRegen  0.21/turn              Y - ring of wizardry

@: resistant, hasted, drained, repel missiles, very quick
A: no striking features
a: Renounce Religion, Evoke Berserk Rage


You were on level 1 of the Lair of Beasts.
You worshipped Vehumet.
Vehumet was most pleased with you.
You were hungry.

You visited 3 branches of the dungeon, and saw 13 of its levels.

You collected 497 gold pieces.
You spent 330 gold pieces at shops.

Inventory:

Hand Weapons
 l - a +0 short sword
 q - a +0 falchion
 w - a +0 flail
 L - a +2 triple sword of holy wrath (weapon)
Missiles
 K - 115 stones (quivered)
Armour
 c - a +0 robe
 f - a +0 ring mail of cold resistance
 i - a +0 leather armour of poison resistance (worn)
 x - a +0 helmet
 A - a +0 cloak
 F - a scarf of repulsion (worn)
 G - a +2 scale mail of cold resistance
 R - a +0 troll leather armour
Magical Staves
 S - an uncursed staff of summoning
Jewellery
 m - a +3 ring of evasion (left hand)
 p - an uncursed ring of resist corrosion
 H - an uncursed ring of protection from fire
 J - an amulet of rage (around neck)
 Y - a ring of wizardry (right hand)
Wands
 o - a wand of polymorph (6)
 s - a wand of paralysis (8)
 t - a wand of flame (20)
 B - a wand of iceblast (18)
 N - a wand of acid (2)
 U - a wand of random effects (15)
Scrolls
 e - 6 scrolls of teleportation
 g - 2 scrolls of immolation {unknown}
 j - a scroll of remove curse
 n - a scroll of noise {unknown}
 y - a scroll of enchant armour {unknown}
 E - 2 scrolls of magic mapping
 O - 3 scrolls of identify
 P - a scroll of fear {unknown}
 T - a scroll of silence {unknown}
 V - a scroll of enchant weapon {unknown}
 X - a scroll of random uselessness {unknown}
Potions
 a - a potion of invisibility {unknown}
 b - 2 potions of degeneration {unknown}
 h - 3 potions of brilliance
 k - 4 potions of mutation
 r - a potion of resistance
 u - a potion of curing
 v - a potion of magic {unknown}
 z - 2 potions of haste
 C - 2 potions of berserk rage {unknown}
 D - 2 potions of flight
 I - 3 potions of lignification
 M - 2 potions of agility
 Q - 2 potions of might {unknown}
 W - 2 potions of ambrosia {unknown}
Comestibles
 d - 8 rations


   Skills:
 + Level 1.7(1.2) Fighting
 + Level 4.9(4.3) Long Blades
 + Level 2.7(2.1) Armour
 + Level 4.9(4.3) Dodging
 + Level 6.9(6.3) Stealth
 + Level 12.4(11.7) Spellcasting
 + Level 3.1(2.6) Conjurations
 * Level 3.1(2.6) Hexes
 + Level 0.4(0.0) Necromancy
 + Level 2.4(1.9) Transmutations
 + Level 9.6(8.9) Earth Magic
 + Level 0.5(0.0) Evocations


You had 14 spell levels left.
You knew the following spells:

 Your Spells              Type           Power        Failure   Level  Hunger
a - Sandblast             Erth           ######       1%          1    None
b - Stone Arrow           Conj/Erth      #####.       1%          3    None
c - Petrify               Tmut/Erth      #####...     3%          4    None
d - Lee's Rapid Deconstr  Erth           ######....   1%          5    ###....
e - Passwall              Tmut/Erth      #####...     1%          2    None
f - Inner Flame           Hex/Fire       ###.....     1%          3    None
g - Animate Skeleton      Necr           N/A          2%          1    None

Your spell library contained the following spells:

 Spells                   Type           Power        Failure   Level  Hunger
 Iskenderun's Mystic Bla  Conj           ####....     3%          4    None
 Pain                     Necr           ##..         2%          1    None
 Regeneration             Chrm/Necr      ##........   9%          3    None
 Vampiric Draining        Necr           ##........   9%          3    None
 Yara's Violent Unravell  Hex/Tmut       ###.......   9%          5    ###....
 Cause Fear               Hex            ####......   10%         4    None
 Animate Dead             Necr           N/A          26%         4    None
 Silence                  Hex/Air        ###.......   41%         5    ###....
 Deflect Missiles         Chrm/Air       ##........   98%         6    #####..
 Discord                  Hex            ####......   100%        8    #######


Dungeon Overview and Level Annotations

Branches:
Dungeon (11/15)            Temple (1/1) D:4            Lair (1/6) D:8
    Orc: D:9-12

Altars:
Ashenzari
Cheibriados
Dithmenos
Elyvilon
Fedhas
Gozag
Hepliaklqana
Kikubaaqudgha
Makhleb
Nemelex Xobeh
Okawaru
Qazlal
Ru
Sif Muna
Trog
Uskayaw
Vehumet
Wu Jian
Xom
Yredelemnul
Zin
The Shining One

Shops:
D:4 =   D:6 *%(%   D:7 [

Annotations:
D:5 2 transporters, JY455's ghost, novice HOMo
Lair:1 Nergalle


Message History

The spectral orc warlord hits you with a +0 war axe!
* * * LOW HITPOINT WARNING * * *
The spectral orc warrior barely misses you.
Unknown command.
You feel better.
Nergalle casts a spell at the spectral orc warlord.
The spectral orc warlord seems to speed up.
Unknown command.
You feel better.
The spectral orc warlord hits you but does no damage.
The spectral orc warrior hits you with a +0 halberd.
* * * LOW HITPOINT WARNING * * *
Nergalle barely misses you.
Unknown command.
You hit Nergalle but do no damage.
Nergalle is lightly wounded.
The spectral orc warlord hits you with a +0 war axe!
* * * LOW HITPOINT WARNING * * *
The spectral orc warrior hits you with a +0 halberd.
You die...

#.....##....##.#.## .......
########...##....###......#
#######...................#
..................†........
...........................
...........................
...........................
.................Z.........
##.#...........o@Z.......#.
......#.......+####.....##
#............#..........#
#............+....#.....#
#.....P......#....#.....#
#.....#..................#
#.....#.................##
.............#.......
#.....#.......#PP....


You could see Nergalle, a spectral orc warrior and a spectral orc warlord.

Vanquished Creatures
  A troll (D:10)
  Grinder (D:4)
  Prince Ribbit (D:6)
  3 hippogriffs
  A spriggan (D:7)
  Eustachio (D:4)
  2 wargs (D:8)
  Edmund (D:4)
  A water moccasin (Lair:1)
  3 orc warriors
  2 ice beasts
  A phantom (D:4)
  3 sky beasts
  A hornet zombie (D:10)
  6 ogres
  A crocodile (Lair:1)
  5 centaurs
  Blork the orc (D:6)
  7 bullfrogs
  A gnoll sergeant (D:6)
  6 scorpions
  A wight (D:6)
  A howler monkey (D:5)
  7 crimson imps
  3 centaur zombies
  2 quasits
  3 hounds
  3 jellies
  6 orc priests
  2 bullfrog skeletons
  An iguana (D:9)
  Ijyb (D:3)
  Natasha (thrice) (D:2)
  7 orc wizards
  8 worker ants
  A killer bee zombie (D:7)
  3 hound skeletons
  Robin (D:3)
  19 gnolls
  11 adders
  A shadow imp (D:9)
  7 dart slugs
  8 leopard geckos
  26 orcs
  4 ball pythons
  A giant cockroach (D:2)
  16 goblins
  7 hobgoblins
  6 quokkas
  19 bats
  14 frilled lizards
  9 kobolds
  A leopard gecko skeleton (D:4)
  A quokka zombie (D:6)
  23 rats
  2 fungi (D:5)
277 creatures vanquished.

Vanquished Creatures (others)
  3 fungi (D:5)
  7 plants
10 creatures vanquished.

Grand Total: 287 creatures vanquished

Notes
Turn   | Place    | Note
-------+----------+-------------------------------------------
     0 | D:1      | doot the Deep Elf Earth Elementalist began the quest for
                  | the Orb.
     0 | D:1      | Reached XP level 1. HP: 10/10 MP: 6/6
   254 | D:1      | Reached XP level 2. HP: 15/15 MP: 5/8
   851 | D:2      | Reached XP level 3. HP: 13/19 MP: 6/10
   995 | D:2      | Reached skill level 4 in Spellcasting
  1307 | D:2      | Learned a level 3 spell: Stone Arrow
  1509 | D:3      | Noticed Ijyb
  1532 | D:3      | Killed Ijyb
  1532 | D:3      | Reached skill level 1 in Armour
  1532 | D:3      | Reached XP level 4. HP: 24/24 MP: 0/12
  1657 | D:3      | Reached skill level 1 in Conjurations
  1705 | D:3      | Found an ancient bone altar of Kikubaaqudgha.
  1793 | D:4      | Found Vabrim's Jewellery Emporium.
  1799 | D:4      | Reached XP level 5. HP: 28/28 MP: 9/14
  1803 | D:4      | Reached skill level 5 in Spellcasting
  1863 | D:4      | Noticed a phantom
  1905 | D:4      | Learned a level 4 spell: Petrify
  1911 | D:4      | Learned a level 5 spell: Lee's Rapid Deconstruction
  1920 | D:4      | Noticed Eustachio
  2046 | D:3      | Noticed Natasha
  2256 | D:2      | Found an opulent altar of Gozag.
  3150 | D:2      | Killed Natasha
  3150 | D:2      | Reached skill level 1 in Long Blades
  3194 | D:2      | Noticed Natasha
  3196 | D:2      | Killed Natasha
  3196 | D:2      | Reached XP level 6. HP: 18/32 MP: 4/16
  3283 | D:2      | Noticed Natasha
  3286 | D:2      | Killed Natasha
  3523 | D:3      | Noticed Robin
  3548 | D:3      | Killed Robin
  4798 | D:4      | Found a staircase to the Ecumenical Temple.
  4809 | Temple   | Entered the Ecumenical Temple
  4886 | Temple   | Became a worshipper of Vehumet
  4929 | D:4      | Noticed Grinder
  4938 | D:4      | Paralysed by Grinder for 2 turns
  4958 | D:4      | Killed Grinder
  4958 | D:4      | Reached skill level 6 in Spellcasting
  4958 | D:4      | Reached skill level 5 in Earth Magic
  4958 | D:4      | Reached XP level 7. HP: 32/37 MP: 6/18
  5112 | D:4      | Noticed Edmund
  5124 | D:4      | Killed Eustachio
  5124 | D:4      | Reached skill level 7 in Spellcasting
  6463 | D:4      | Killed Edmund
  6463 | D:4      | Reached XP level 8. HP: 42/42 MP: 1/21
  6782 | D:4      | Found a white marble altar of Elyvilon.
  6848 | D:4      | Reached skill level 8 in Spellcasting
  6952 | D:5      | Entered Level 5 of the Dungeon
  6957 | D:5      | Reached * piety under Vehumet
  6957 | D:5      | Offered knowledge of Magic Dart by Vehumet.
  7164 | D:5      | Found a transporter.
  7164 | D:5      | Found a transporter.
  7367 | D:5      | Noticed JY455's ghost (novice HOMo)
  7382 | D:5      | Identified the +4 spear "Yfaxkoic" {elec, *Drain rC++
                  | Str+10}
  7614 | D:5      | Reached skill level 9 in Spellcasting
  7803 | D:5      | Reached skill level 5 in Stealth
  7964 | D:5      | Reached ** piety under Vehumet
  7964 | D:5      | Offered knowledge of Searing Ray by Vehumet.
  8319 | D:6      | Found Arogitz's Food Emporium.
  8337 | D:6      | Reached XP level 9. HP: 46/46 MP: 21/24
  8340 | D:6      | Found Bashrept's Antique Weapon Shoppe.
  8811 | D:6      | Found Othrusit's Assorted Antiques.
  8843 | D:6      | Found Soizut's Food Shoppe.
  8845 | D:6      | Noticed Prince Ribbit
  8853 | D:6      | Killed Prince Ribbit
  8853 | D:6      | Reached skill level 10 in Spellcasting
  8854 | D:6      | Noticed Blork the orc
  8873 | D:6      | Killed Blork the orc
  9015 | D:6      | Found Leqyowaatt's Antique Weapon Boutique.
  9466 | D:6      | Learned a level 2 spell: Passwall
  9961 | D:7      | Found Feerah's Antique Armour Boutique.
 10407 | D:7      | Reached skill level 1 in Fighting
 10641 | D:8      | Reached skill level 11 in Spellcasting
 10721 | D:8      | Offered knowledge of Inner Flame by Vehumet.
 10859 | D:8      | Learned a level 3 spell: Inner Flame
 10861 | D:8      | Found a staircase to the Lair.
 10981 | D:8      | Reached XP level 10. HP: 33/52 MP: 9/27
 11113 | D:8      | Found a sparkling altar of Nemelex Xobeh.
 11131 | D:8      | Reached *** piety under Vehumet
 11287 | D:8      | Found a shadowy altar of Dithmenos.
 11334 | D:8      | Found a hazy altar of Hepliaklqana.
 11396 | D:8      | Noticed Maurice
 11951 | D:8      | Noticed Maurice
 11951 | D:8      | Maurice changed into Maurice the ice beast
 11998 | D:8      | Killed Maurice the ice beast
 12267 | D:9      | You fall through a shaft!
 12267 | D:10     | Entered Level 10 of the Dungeon
 12322 | D:10     | Reached skill level 1 in Hexes
 13013 | D:9      | Offered knowledge of Iskenderun's Mystic Blast by Vehumet.
 13087 | D:9      | Reached skill level 12 in Spellcasting
 13269 | D:9      | Learned a level 1 spell: Animate Skeleton
 14144 | D:11     | Noticed a green ugly thing
 14379 | D:4      | Bought an uncursed ring of wizardry for 330 gold pieces
 14481 | Lair:1   | Entered Level 1 of the Lair of Beasts
 14584 | Lair:1   | Noticed Nergalle
 14730 | Lair:1   | Noticed a spectral orc warlord
 14738 | Lair:1   | HP: 2/53 [spectral orc warlord/+0 war axe[Nergalle] (7)]
 14741 | Lair:1   | Slain by a spectral orc warrior

Skill      XL: |  1  2  3  4  5  6  7  8  9 10 |
---------------+-------------------------------+-----
Earth Magic    | 4 5 6 7 9 |  9.6
Spellcasting   | 4 5 6 7 9 11 12 | 12.4
Armour         | 1 2 |  2.7
Conjurations   | 1 2 3 |  3.1
Long Blades    | 1 2 3 4 |  4.9
Stealth        | 3 4 5 6 |  6.9
Dodging        | 3 4 |  4.9
Transmutations | 2 |  2.4
Fighting       | 1 |  1.7
Hexes          | 3 |  3.1
Necromancy     | |  0.4
Evocations     | |  0.5

Action                   |  1- 3 |  4- 6 |  7- 9 | 10-12 || total
-------------------------+-------+-------+-------+-------++-------
Melee: Falchion          |    10 |   126 |    87 |       ||   223
       Triple sword      |       |       |    15 |    45 ||    60
 Cast: Sandblast         |    56 |    36 |    57 |    39 ||   188
       Stone Arrow       |     2 |    19 |    49 |    19 ||    89
       Lee's Rapid Decon |       |     6 |    41 |    16 ||    63
       Petrify           |       |     4 |    10 |    19 ||    33
       Passwall          |       |       |     2 |       ||     2
       Animate Skeleton  |       |       |       |     1 ||     1
Evoke: Wand              |       |     4 |     3 |     1 ||     8
  Use: Scroll            |       |       |     4 |     8 ||    12
       Potion            |       |       |       |     4 ||     4
 Stab: Petrified         |       |    13 |    12 |    12 ||    37
       Sleeping          |       |       |     3 |     3 ||     6
       Held in net/web   |       |       |     1 |       ||     1
       Petrifying        |       |       |       |     2 ||     2
  Eat: Chunk             |     2 |     8 |    21 |     7 ||    38
       Ration            |       |     3 |     2 |     2 ||     7
Armor: Skin              |     6 |       |       |       ||     6
       Leather armour    |     2 |    21 |    15 |     8 ||    46
       Troll leather arm |       |       |       |     5 ||     5
Dodge: Dodged            |     4 |   128 |   131 |    64 ||   327
       Deflected         |       |       |     1 |     2 ||     3
       Rpst.: Falchion   |       |    38 |    41 |       ||    79
       Triple sword      |       |       |    13 |    16 ||    29
